 Dungeon Crawl Stone Soup version 0.20-a0-1122-gb7cbeb9 (webtiles) character file.

296 Alarkh the Digger (level 6, 41/41 HPs)
             Began as a Demonspawn Earth Elementalist on May 14, 2017.
             Got out of the dungeon alive.
             The game lasted 00:04:32 (3875 turns).

Alarkh the Digger (Demonspawn Earth Elementalist)   Turns: 3875, Time: 00:04:33

Health: 41/41      AC:  8    Str:  9    XL:     6   Next: 12%
Magic:  12/12      EV: 12    Int: 18    God:
Gold:   104        SH:  0    Dex: 10    Spells: 2/13 levels left

rFire    . . .     SeeInvis .   n - +0 quarterstaff
rCold    . . .     Gourm    .   (shield currently unavailable)
rNeg     . . .     Faith    .   c - +0 robe
rPois    .         Spirit   .   (no helmet)
rElec    .         Reflect  .   z - +2 cloak
rCorr    .         Harm     .   k - +0 pair of gloves
MR       .....                  (no boots)
Stlth    ++........             (no amulet)
Regen    0.2/turn               t - -3 ring of dexterity (curse)
MPRegen  0.2/turn               (no ring)

@: no status effects
A: yellow scales 1, powered by pain 3
a: no special abilities


You escaped.
You were not hungry.

You visited 1 branch of the dungeon, and saw 3 of its levels.

You collected 104 gold pieces.

Inventory:

Hand Weapons
 l - a +1 mace of holy wrath
 n - a +0 quarterstaff (weapon)
Missiles
 b - 18 stones (quivered)
Armour
 c - a +0 robe (worn)
 g - a scarf of resistance
 k - a +0 pair of gloves (worn)
 z - a +2 cloak (worn)
Jewellery
 t - a cursed -3 ring of dexterity (left hand)
Scrolls
 e - a scroll of identify
 j - 2 scrolls of amnesia {unknown}
 o - a scroll of remove curse {unknown}
 q - a scroll of recharging {unknown}
 s - a scroll of enchant weapon {unknown}
 u - a scroll of random uselessness {unknown}
 y - a scroll of blinking {unknown}
Potions
 a - a potion of flight
 f - 2 potions of agility
 h - 2 potions of curing
 p - 2 potions of invisibility
Books
 r - a book of Geomancy

   Spells                             Type                      Level
   a - Sandblast                      Earth                        1
   b - Passwall                       Transmutation/Earth          2
   c - Stone Arrow                    Conjuration/Earth            3
   d - Petrify                        Transmutation/Earth          4
   e - Lee's Rapid Deconstruction     Earth                        5
Comestibles
 d - 5 bread rations
 i - a meat ration
 m - 2 chunks of flesh
 w - 9 fruits


   Skills:
 - Level 1.7 Dodging
 - Level 1.7 Stealth
 + Level 4.3 Spellcasting
 - Level 0.8 Transmutations
 + Level 4.9 Earth Magic


You had 2 spell levels left.
You knew the following spells:

 Your Spells              Type           Power        Failure   Level  Hunger
a - Stone Arrow           Conj/Erth      ##....       16%         3    ###....
b - Passwall              Tmut/Erth      ##........   6%          2    ##.....
c - Sandblast             Erth           ###...       1%          1    None
d - Lee's Rapid Deconstr  Erth           ###.......   45%         5    ######.


Dungeon Overview and Level Annotations

Branches:
Dungeon (3/15)

Altars:
Fedhas
Nemelex Xobeh
Sif Muna
Trog
Vehumet


Innate Abilities, Weirdness & Mutations

You are partially covered in yellow scales. (AC +2)
You are powered by pain.


Message History

There is a stone staircase leading up here.
You climb upwards.
There is a stone staircase leading down here.
You climb downwards.
There is a stone staircase leading up here.
Unknown command.
You climb upwards.
There is a stone staircase leading down here.
You feel yourself speed up.
You see here a spear.
You recover from your berserk rage.
Some of the chunks of flesh in your inventory have rotted away.
There is a stone staircase leading up here.
You climb upwards.
There is a stone staircase leading down here.
You see here a dagger.
Some of the chunks of flesh in your inventory have rotted away.
There is a staircase leading out of the dungeon here.
Are you sure you want to leave the Dungeon?
This will make you lose the game!
You have escaped!

###...##### ############.........
.......# ######## #.....>...
......######......#### ##........
.....####............## #........
.....# #......####....###........
.#.#.###....#######....##........
.#.#.##....##.....##...###......#
.###.#....###..##.###..###......#
.....#....##..##@.###..##.......#
######....##...#####..###......##
.....#....###...###...##.......#
####.##....##........###......##
...#.##.....###....####.......#
.#.#.###.....########........##
.#.#.# ##......####.........##
...#.# ##.................##
⌠.⌠#.### ###.............###


There were no monsters in sight!

Vanquished Creatures
  Crazy Yiuf (D:3)
  Natasha (thrice) (D:2)
  8 adders
  3 gnolls (D:2)
  An ooze (D:2)
  2 worms (D:2)
  2 leopard geckos
  6 orcs (D:3)
  A ball python (D:3)
  3 giant cockroaches
  9 goblins
  9 hobgoblins
  A jackal (D:2)
  5 quokkas
  7 bats
  5 frilled lizards
  7 kobolds
  9 rats
82 creatures vanquished.

Notes
Turn   | Place    | Note
-------+----------+-------------------------------------------
     0 | D:1      | Alarkh the Demonspawn Earth Elementalist began the quest for the Orb.
     0 | D:1      | Reached XP level 1. HP: 13/13 MP: 3/3
   233 | D:1      | Gained mutation: You sometimes gain a little power by taking damage. [demonic ancestry]
   233 | D:1      | Reached XP level 2. HP: 19/19 MP: 3/5
   603 | D:1      | Found a sparkling altar of Nemelex Xobeh.
  1259 | D:2      | Gained mutation: You sometimes gain power by taking damage. [demonic ancestry]
  1259 | D:2      | Reached XP level 3. HP: 24/24 MP: 2/7
  1339 | D:2      | Noticed Natasha
  1344 | D:2      | Killed Natasha
  1539 | D:2      | Found a blossoming altar of Fedhas.
  1568 | D:2      | Found a bloodstained altar of Trog.
  1577 | D:2      | Gained mutation: You are partially covered in yellow scales. (AC +2) [demonic ancestry]
  1577 | D:2      | Reached XP level 4. HP: 23/30 MP: 0/8
  1838 | D:2      | Noticed Natasha
  1843 | D:2      | Killed Natasha
  1918 | D:2      | Found a deep blue altar of Sif Muna.
  1993 | D:2      | Reached XP level 5. HP: 33/35 MP: 0/10
  2003 | D:2      | Noticed Natasha
  2039 | D:2      | Killed Natasha
  2525 | D:3      | Found a radiant altar of Vehumet.
  2895 | D:3      | Found a runed door.
  2934 | D:3      | Learned a level 2 spell: Passwall
  2938 | D:3      | Learned a level 3 spell: Stone Arrow
  2944 | D:3      | Learned a level 5 spell: Lee's Rapid Deconstruction
  2969 | D:3      | Noticed Crazy Yiuf
  3013 | D:3      | Killed Crazy Yiuf
  3322 | D:3      | Gained mutation: You are powered by pain. [demonic ancestry]
  3322 | D:3      | Reached XP level 6. HP: 41/41 MP: 8/12
  3875 | D:$      | Got out of the dungeon alive.

Vault maps used:
D:1:      dpeg_arrival_snail, nemelex_xobeh_ov_fountains_minmay
D:2:      old_standard_altar, lightli_temple_of_fire, fedhas_altar_3,
          minmay_misc_feat_rows, uniq_natasha
D:3:      lemuel_crystal_altar, guppyfry_early_lair_pool,
          uniq_crazy_yiuf_cottage

Skill      XL: |  1  2  3  4  5 |
---------------+----------------+-----
Earth Magic    | 3 4 |  4.9
Spellcasting   | 3 4 |  4.3
Dodging        | |  1.7
Stealth        | |  1.7
Transmutations | |  0.8

Action                   |  1- 3 |  4- 6 || total
-------------------------+-------+-------++-------
Melee: Unarmed           |     2 |       ||     2
       Quarterstaff      |       |    30 ||    30
 Cast: Sandblast         |    46 |    62 ||   108
       Stone Arrow       |       |    11 ||    11
  Use: Scroll            |       |     2 ||     2
       Potion            |       |     3 ||     3
  Eat: Chunk             |     2 |     8 ||    10
Armor: Robe              |     3 |    19 ||    22
Dodge: Dodged            |    12 |    32 ||    44
